 Dungeon Crawl Stone Soup version 0.28-a0-580-ga2639ab843 (webtiles) character file.

Game seed: 5066208218323055865

3 iamoutofideas the Skirmisher (level 1, 20/20 HPs)
             Began as a Hill Orc Fighter on Oct 2, 2021.
             Quit the game on level 1 of the Dungeon.
             The game lasted 00:00:11 (32 turns).

iamoutofideas the Skirmisher (Hill Orc Fighter)       Turns: 32, Time: 00:00:11

Health: 20/20      AC:  6    Str: 18    XL:     1   Next: 50%
Magic:  1/1        EV:  9    Int:  8    God:
Gold:   0          SH:  4    Dex: 10    Spells: 0/0 levels left

rFire   . . .      SeeInvis .   a - +0 war axe
rCold   . . .      Faith    .   c - +0 buckler
rNeg    . . .      Spirit   .   b - +0 scale mail
rPois   .          Reflect  .   (no helmet)
rElec   .          Harm     .   (no cloak)
rCorr   .          Rampage  .   (no gloves)
Will    .....                   (no boots)
Stlth   ..........              (no amulet)
HPRegen 0.06/turn               (no ring)
MPRegen 0.07/turn               (no ring)

@: no status effects
A: no striking features
a: no special abilities


You were on level 1 of the Dungeon.
You visited 1 branch of the dungeon, and saw 1 of its levels.

Inventory:

Hand Weapons
 a - a +0 war axe (weapon)
Armour
 b - a +0 scale mail (worn)
 c - a +0 buckler (worn)
Potions
 d - a potion of might


   Skills:
 + Level 3.7 Fighting
 + Level 2.7 Axes
 + Level 3.3 Armour
 + Level 3.3 Shields


You couldn't memorise any spells.
You didn't know any spells.
Your spell library was empty.

Dungeon Overview and Level Annotations

Branches:
Dungeon (1/15)

Altars:


Message History

What are your orders? t - Shout!
Orders for allies: a - Attack new target. r - Retreat! s - Stop attacking. g - Guard the area. f - Follow me.
Anything else - Cancel.
Okay, then.
What are your orders? t - Shout!
Orders for allies: a - Attack new target. r - Retreat! s - Stop attacking. g - Guard the area. f - Follow me.
Anything else - Cancel.
Okay, then.
What are your orders? t - Shout!
Orders for allies: a - Attack new target. r - Retreat! s - Stop attacking. g - Guard the area. f - Follow me.
Anything else - Cancel.
Okay, then.
You barely miss the ball python. You block the ball python's attack.
The ball python constricts you.
You hit the ball python.
You kill the ball python!
A rat comes into view.
You block the hobgoblin's attack.
There is a large open door here.
You slash the hobgoblin!
You kill the hobgoblin!
You see here a hobgoblin corpse.
The rat twitches its whiskers.
You barely miss the rat. You block the rat's attack.
The rat closely misses you.
You barely miss the rat. The rat misses you.
You barely miss the rat. The rat closely misses you.
You hit the rat.
You kill the rat!
You see here a rat corpse.
Are you sure you want to abandon this character and quit the game? (Confirm with "yes".)

#.#.≈≈.#≈≈≈≈≈#8≈..#
#.#.≈≈.#≈...≈#.≈..#
#.#.≈≈§#≈.#.≈#.≈..#
#.#.≈≈.#≈.#.≈#8≈..#
#.#.≈≈.#≈.#.≈#.≈..+
#.'....'..#..'....#
#<'....'..#..'†...#
#.#.≈≈.#≈.#.≈#.≈..###
#.#.≈≈.#≈.#.≈#8≈@...#
#.#.§≈.#≈.#.≈#.≈#....#
#.#.≈≈.#≈...≈#.≈##...#
#.#.≈§.#≈≈≈≈≈#8≈# ...#
##############.≈# ...#
..≈# ...# ≈≈≈≈ .##
...#


There were no monsters in sight!

Vanquished Creatures
  A ball python (D:1)
  A hobgoblin (D:1)
  A rat (D:1)
3 creatures vanquished.

Notes
Turn   | Place    | Note
-------+----------+-------------------------------------------
     0 | D:1      | iamoutofideas the Hill Orc Fighter began the quest for the
                  | Orb.
     0 | D:1      | Reached XP level 1. HP: 19/19 MP: 1/1
    32 | D:1      | Quit the game

Illustrated notes

Levels and vault maps discovered:
D:1:      lightli_arrival_isolated_outpost, layout_basic, dk_noncrumbling_4

Action                   || total
-------------------------++-------
Melee: War axe           ||     7
Dodge: Dodged            ||     3
Block: Buckler           ||     4

Table legend: (Time is in decaauts)
 A = Elapsed time spent in this place.
 B = Non-inter-level travel time spent in this place.
 C = Inter-level travel time spent in this place.
 D = Time resting spent in this place.
 E = Time spent auto-exploring this place.
 F = Levels seen in this place.
 G = Mean time per level.
                   A        B        C        D        E       F      G
               +--------+--------+--------+--------+--------+-----+--------+
         Total |     34 |     34 |      0 |      0 |     18 |   1 |   34.0 |
       Dungeon |     34 |     34 |      0 |      0 |     18 |   1 |   34.0 |
               +--------+--------+--------+--------+--------+-----+--------+

Top non-repeatable levels by time:
     D:1: 34 daAuts
